Construct Infanterie Kompanie
Selects Luftwaffe Battlegroup
Selects Luftwaffe Pioneer Support
Fallschirmpioneer Squad Paradrop
Construct Panzergrenadier Kompanie
Selects Stuka Strafing Run
Pak 40 Anti-tank Gun Team
Pak 40 Anti-tank Gun Team
Selects Flak 38 Anti-Air Emplacement
Selects Fallschirmjäger Squad Paradrop
Selects Fragmentation Bombs
Fallschirmjäger Squad Paradrop
Construct Panzer Kompanie
Pak 40 Anti-tank Gun Team
Fallschirmpioneer Squad Paradrop
Selects Flak 36 Anti-tank Gun Emplacement
Fallschirmpioneer Squad Paradrop
Fallschirmpioneer Squad Paradrop
Pak 40 Anti-tank Gun Team
Pak 40 Anti-tank Gun Team
Fallschirmpioneer Squad Paradrop
Infanterie Officer Quarters